 Dungeon Crawl Stone Soup version 0.20.1-1-g8b1a95d (webtiles) character file.

5996 KoningWillie the Cleaver (level 10, -26/90 HPs)
             Began as a Minotaur Fighter on Sept 30, 2017.
             Was an Initiate of Dithmenos.
             Annihilated by an enormous slime creature (77 damage)
             ... on level 9 of the Dungeon.
             The game lasted 00:28:41 (9390 turns).

KoningWillie the Cleaver (Minotaur Fighter)         Turns: 9390, Time: 00:28:41

Health: -26/90     AC: 20    Str: 24    XL:     10   Next: 55%
Magic:  11/11      EV:  9    Int: 10    God:    Dithmenos [......]
Gold:   125        SH:  0    Dex: 10    Spells: 12/12 levels left

rFire    . . .     SeeInvis .   J - +3 battleaxe of Ruiwut {freeze, MR+ Int+5 Stlth+}
rCold    . . .     Gourm    .   (shield currently unavailable)
rNeg     . . .     Faith    .   I - +3 chain mail
rPois    .         Spirit   .   (helmet restricted)
rElec    .         Reflect  .   B - +2 cloak
rCorr    .         Harm     .   q - +0 pair of gloves
MR       +....                  F - +0 pair of boots
Stlth    ..........             (no amulet)
Regen    0.3/turn               (no ring)
MPRegen  0.2/turn               (no ring)

@: no status effects
A: retaliatory headbutt, horns 2
a: Renounce Religion


You were on level 9 of the Dungeon.
You worshipped Dithmenos.
Dithmenos was noncommittal.
You were not hungry.

You visited 1 branch of the dungeon, and saw 11 of its levels.
You also visited: Sewer.

You collected 493 gold pieces.
You spent 368 gold pieces at shops.

Inventory:

Hand Weapons
 a - a +1 war axe
 J - the +3 battleaxe of Ruiwut (weapon) {freeze, MR+ Int+5 Stlth+}
   (You bought it in a shop on level 6 of the Dungeon)

   It has been specially enchanted to freeze those struck by it, causing extra
   injury to most foes and up to half again as much damage against particularly
   susceptible opponents.
   It can also slow down cold-blooded creatures.
   It affects your intelligence (+5).
   It affects your resistance to hostile enchantments.
   It makes you more stealthy.
Missiles
 m - 4 steel tomahawks (quivered)
Armour
 c - a +0 shield
 q - a +0 pair of gloves (worn)
 B - a +2 cloak (worn)
 F - a +0 pair of boots (worn)
 I - a +3 chain mail (worn)
Jewellery
 b - an uncursed amulet of rage
 x - an uncursed ring of wizardry
Wands
 j - a wand of digging (16/24)
 r - a wand of flame (20/48)
 y - a wand of confusion (21/48)
 C - a wand of iceblast (6/15)
 D - a wand of polymorph (15/24)
 E - a wand of polymorph (14/24)
Scrolls
 h - 3 scrolls of teleportation
 i - 2 scrolls of blinking
 k - 2 scrolls of remove curse
 o - a scroll of fear
 p - 2 scrolls of amnesia
 G - a scroll of recharging
Potions
 d - 2 potions of might
 e - 4 potions of curing
 g - a potion of resistance
 l - 2 potions of brilliance
 s - a potion of lignification
 t - a potion of berserk rage {unknown}
 u - a potion of flight
 v - a potion of magic
 w - 4 potions of heal wounds
 A - a potion of ambrosia
 H - a potion of invisibility {unknown}
Books
 z - a book of Minor Magic

   Spells                             Type                      Level
   a - Magic Dart                     Conjuration                  1
   b - Blink                          Translocation                2
   c - Call Imp                       Summoning                    2
   d - Slow                           Hexes                        2
   e - Conjure Flame                  Conjuration/Fire             3
   f - Mephitic Cloud                 Conjuration/Poison/Air       3
Comestibles
 n - 6 royal jellies


   Skills:
 + Level 8.6 Fighting
 * Level 13.1 Axes
 - Level 2.6 Throwing
 + Level 9.0 Armour
 - Level 2.4 Dodging
 - Level 1.0 Stealth
 - Level 5.7 Shields
 - Level 1.9 Spellcasting


You had 12 spell levels left.
You didn't know any spells.

Dungeon Overview and Level Annotations

Branches:
Dungeon (11/15)            Temple (0/1) D:5             Orc (0/2) D:10
   Lair: D:8-11

Altars:
Dithmenos
Beogh

Shops:
D:6 *


Innate Abilities, Weirdness & Mutations

You reflexively headbutt those who attack you in melee.
You have a pair of horns on your head.


Message History

You freeze the very large slime creature.
You headbutt the very large slime creature.
The very large slime creature is moderately wounded.
Two slime creatures merge to form an enormous slime creature.
Your chain mail prevents you from hitting the enormous slime creature.
You headbutt the enormous slime creature.
The enormous slime creature is moderately wounded.
The enormous slime creature hits you but does no damage.
You slice the enormous slime creature!! You freeze the enormous slime creature!
The enormous slime creature is heavily wounded.
The enormous slime creature hits you!
You hit the enormous slime creature. You freeze the enormous slime creature.
The enormous slime creature is heavily wounded.
The enormous slime creature hits you!!
You completely miss the enormous slime creature.
You headbutt the enormous slime creature.
The enormous slime creature is heavily wounded.
The enormous slime creature hits you!!!!
Ouch! That really hurt!
You die...

#.#........).......#
#.#.#..##[###)#.#..#
#...........††..#..#
####......##...#..#
..#.#.........#..# ..
#...#######..#########
...J.#.....................
.....#.#.######..##########
.........J@(............# #
....#.#.#####.#...####.# #
. #J#.# #.#......#.# #
#.#.#####.#...#..#.# #
#####.........#...#..#.# #
.........#####.#...#..#.# #
#######(># ###...#..#.# #
.........# #...#..#.###
......}..# #...#..#....


You could see an enormous slime creature.

Vanquished Creatures
  A centaur warrior (D:10)
  A centaur zombie (D:11)
  4 yaks (D:9)
  Eustachio (D:3)
  A hungry ghost (D:10)
  3 orc warriors (D:10)
  An ice beast (D:5)
  Purgy (Sewer)
  5 phantoms
  A sky beast (D:6)
  A necrophage (D:7)
  An eye of draining (D:9)
  4 ogres
  The ghost of Azo the Skirmisher, an amateur FoAK of Lugonu (D:4)
  4 centaurs
  3 bullfrogs
  2 scorpions
  3 killer bees (D:9)
  8 wights (D:10)
  An electric eel (D:7)
  A crimson imp (D:10)
  A bullfrog zombie (D:9)
  A jelly (D:7)
  6 hounds
  2 centaur skeletons
  5 orc priests
  Crazy Yiuf (D:7)
  A bullfrog skeleton (D:10)
  5 iguanas
  7 orc wizards
  9 worker ants
  2 hound zombies (D:8)
  A hound skeleton (D:8)
  A worker ant zombie (D:10)
  20 adders
  A river rat (D:5)
  2 shadow imps
  An adder skeleton (D:5)
  2 adder zombies
  3 worms
  2 dart slugs
  2 leopard geckos
  39 orcs
  10 giant cockroaches
  11 goblins
  5 hobgoblins
  16 jackals
  3 quokkas
  6 ball pythons
  8 bats
  4 frilled lizards
  6 kobolds
  2 quokka skeletons
  8 rats
241 creatures vanquished.

Notes
Turn   | Place    | Note
-------+----------+-------------------------------------------
     0 | D:1      | KoningWillie the Minotaur Fighter began the quest for the Orb.
     0 | D:1      | Reached XP level 1. HP: 19/19 MP: 0/0
   141 | D:1      | Reached XP level 2. HP: 25/27 MP: 1/1
   802 | D:2      | Reached XP level 3. HP: 33/33 MP: 2/2
   948 | D:2      | Reached skill level 3 in Axes
  1039 | D:2      | Reached XP level 4. HP: 31/40 MP: 3/3
  1468 | D:2      | Reached skill level 4 in Axes
  1694 | D:3      | Reached XP level 5. HP: 41/47 MP: 4/4
  2444 | D:4      | Noticed a phantom
  2462 | D:4      | Noticed Azo's ghost (amateur FoAK)
  2515 | D:4      | Noticed Eustachio
  2538 | D:4      | Reached skill level 1 in Dodging
  2574 | D:3      | Killed Eustachio
  2574 | D:3      | Reached skill level 5 in Axes
  2574 | D:3      | Reached skill level 5 in Shields
  2574 | D:3      | Reached XP level 6. HP: 37/55 MP: 5/5
  2675 | D:4      | Killed Azo's ghost
  2675 | D:4      | Reached skill level 5 in Fighting
  2692 | D:4      | Reached skill level 6 in Axes
  2692 | D:4      | Reached skill level 5 in Armour
  2692 | D:4      | Reached XP level 7. HP: 58/61 MP: 6/6
  2828 | D:4      | Reached skill level 1 in Stealth
  3124 | D:5      | Entered Level 5 of the Dungeon
  3124 | D:5      | Found a glowing drain.
  3155 | D:5      | Reached skill level 7 in Axes
  3277 | Sewer    | Entered a sewer
  3428 | Sewer    | Noticed Purgy
  3441 | Sewer    | Killed Purgy
  3652 | D:5      | Reached XP level 8. HP: 70/70 MP: 7/7
  3745 | D:5      | Found a staircase to the Ecumenical Temple.
  4007 | D:6      | Reached skill level 8 in Axes
  4076 | D:6      | Found Josi's Assorted Antiques.
  4917 | D:7      | Reached skill level 1 in Throwing
  4965 | D:7      | Reached skill level 9 in Axes
  5410 | D:7      | Found a runed door.
  5414 | D:7      | Noticed Crazy Yiuf
  5420 | D:7      | Killed Crazy Yiuf
  5472 | D:7      | Reached XP level 9. HP: 59/78 MP: 8/8
  6193 | D:8      | Noticed a two-headed ogre
  6272 | D:8      | Reached skill level 10 in Axes
  6697 | D:9      | Reached skill level 1 in Spellcasting
  6860 | D:9      | Reached skill level 11 in Axes
  7153 | D:9      | Noticed a two-headed ogre
  7166 | D:10     | Entered Level 10 of the Dungeon
  7399 | D:10     | Noticed a centaur warrior
  7413 | D:10     | Killed a centaur warrior
  7413 | D:10     | Reached XP level 10. HP: 42/88 MP: 11/11
  7471 | D:10     | Reached skill level 12 in Axes
  7658 | D:10     | Found a staircase to the Orcish Mines.
  7723 | D:10     | Found a roughly hewn altar of Beogh.
  8335 | D:10     | Reached skill level 13 in Axes
  8475 | D:10     | Found a shadowy altar of Dithmenos.
  8495 | D:10     | Became a worshipper of Dithmenos the Shadowed
  9157 | D:6      | Bought an encrusted battleaxe for 368 gold pieces
  9157 | D:6      | Identified the +3 battleaxe of Ruiwut {freeze, MR+ Int+5 Stlth+} (You bought it in a shop on level 6 of the Dungeon)
  9390 | D:9      | Annihilated by an enormous slime creature

Skill      XL: |  1  2  3  4  5  6  7  8  9 10 |
---------------+-------------------------------+-----
Shields        | 4 5 |  5.7
Armour         | 4 5 7 8 9 |  9.0
Fighting       | 4 5 6 8 |  8.6
Axes           | 3 4 5 6 7 9 11 13 | 13.1
Dodging        | 1 2 |  2.4
Stealth        | 1 |  1.0
Throwing       | 2 |  2.6
Spellcasting   | 1 |  1.9

Action                   |  1- 3 |  4- 6 |  7- 9 | 10-12 || total
-------------------------+-------+-------+-------+-------++-------
Melee: War axe           |    75 |   129 |   381 |   137 ||   722
       Headbutt          |     8 |    19 |    58 |    24 ||   109
       Battleaxe         |       |       |       |     8 ||     8
Throw: Tomahawk          |       |       |    21 |     4 ||    25
  Use: Scroll            |     5 |     5 |     7 |     4 ||    21
       Potion            |     1 |     2 |     2 |     2 ||     7
  Eat: Chunk             |       |     2 |       |       ||     2
       Bread ration      |       |     1 |     2 |     1 ||     4
       Meat ration       |       |       |     2 |     1 ||     3
Armor: Scale mail        |    35 |    51 |    10 |       ||    96
       Chain mail        |       |       |   168 |    68 ||   236
Dodge: Dodged            |    22 |    34 |   108 |    26 ||   190
Block: Shield            |    34 |    71 |   207 |    66 ||   378
